AoeStats
← Bzm_Cordobez

Arena

510805837Analyzed
4v4 RM · 17h ago on Oct 2, 2026· 53m 6s· 8 players
Game mode
Random Map
Map size
Large (8 player)
Population
200
Speed
Normal
Resources
Standard
Victory
Conquest
Starting age
Dark Age
Ending age
Imperial Age
RankedLock teamsTeams togetherTeam positionsShared explorationLock speedFull tech treeHidden civsTurbo modeCheats
Victory
Defeat
🇦🇺 Gurjaras · Australia
1610
+16
🇨🇱 Lithuanians · Chile
1566
+18
🇺🇾 Danes · Uruguay
1535
+19
🇺🇸 Byzantines · United States
1483
+22
🇹🇷 Khmer · Türkiye
1629
-20
🇹🇷 Goths · Türkiye
1617
-19
🇹🇷 Teutons · Türkiye
1598
-18
🇹🇷 Cumans · Türkiye
1584
-18
PaRappa56
10:33 Feudal Age
14:07 Castle Age
13:01 Loom
17:12 Double-Bit Axe
18:07 Horse Collar
21:46 Bow Saw
22:41 Wheelbarrow
22:45 Heavy Plow
22:59 Gold Mining
23:00 Stone Mining
27:38 Imperial Age
25:15 Scale Mail Armor
26:04 Hand Cart
25:42 Pikeman
26:23 Squires
26:45 Man-at-Arms
27:10 Gambesons
27:11 Arson
27:47 Chain Mail Armor
28:07 Forging
29:37 Chemistry
28:02 Long Swordsman
28:49 Two-Handed Swordsman
30:28 Plate Mail Armor
30:55 Iron Casting
30:23 Champion
30:59 Fletching
32:33 Guilds
32:23 Halberdier
34:04 Bodkin Arrow
34:10 Padded Archer Armor
35:08 Bracer
35:33 Ballistics
35:10 Murder Holes
35:01 Arrowslits
34:57 Treadmill Crane
35:47 Conscription
36:43 Leather Archer Armor
37:14 Onager
38:50 Ring Archer Armor
39:46 Caravan
40:16 Coinage
42:25 Banking
50:40 Two-Man Saw
51:58 Guard Tower
52:28 Bombard Tower
[CL] Tatán
10:32 Feudal Age
14:43 Castle Age
13:24 Double-Bit Axe
13:21 Horse Collar
14:52 Light Cavalry
15:34 Loom
16:00 Bow Saw
16:57 Loom
19:38 Fervor
20:56 Loom
23:47 Scale Barding Armor
24:47 Wheelbarrow
23:57 Town Watch
25:53 Chain Barding Armor
26:10 Hand Cart
25:55 Town Patrol
26:50 Bloodlines
27:18 Heavy Plow
31:40 Imperial Age
29:47 Forging
29:39 Husbandry
31:26 Masonry
31:59 Iron Casting
31:26 Stone Mining
31:26 Gold Mining
32:59 Plate Barding Armor
32:12 Cavalier
37:44 Conscription
37:24 Fletching
37:35 Paladin
39:19 Capped Ram
41:38 Bodkin Arrow
46:00 Elite Leitis
49:00 Chemistry
48:20 Ballistics
48:30 Architecture
47:40 Treadmill Crane
Mau5
10:40 Feudal Age
14:40 Castle Age
12:30 Double-Bit Axe
12:27 Horse Collar
21:48 Bow Saw
22:16 Wheelbarrow
22:08 Heavy Plow
23:58 Hand Cart
23:37 Stone Mining
23:39 Gold Mining
25:27 Loom
26:15 Scale Mail Armor
28:47 Imperial Age
26:06 Arson
27:04 Forging
27:12 Chain Mail Armor
27:39 Stone Shaft Mining
27:42 Gold Shaft Mining
28:24 Kshatriyas
29:17 Iron Casting
28:58 Elite Chakram Thrower
29:59 Conscription
30:19 Plate Mail Armor
29:55 Scale Barding Armor
29:33 Light Cavalry
30:14 Husbandry
30:59 Scale Barding Armor
31:06 Bloodlines
31:16 Hussar
32:34 Chain Barding Armor
34:19 Plate Barding Armor
34:42 Coinage
36:01 Hoardings
35:12 Town Watch
35:40 Masonry
37:46 Banking
38:41 Caravan
46:14 Crop Rotation
48:05 Town Patrol
FMG | Sawasha Takohida
8:36 Feudal Age
9:26 Loom
10:45 Fletching
15:44 Horse Collar
16:29 Double-Bit Axe
22:39 Castle Age
21:17 Scale Mail Armor
21:31 Forging
21:22 Gold Mining
22:18 Forging
24:02 Bow Saw
23:46 Stone Mining
23:58 Heavy Plow
23:50 Arson
24:21 Chain Mail Armor
24:15 Squires
31:34 Iron Casting
32:23 Pikeman
34:00 Wheelbarrow
38:24 Imperial Age
38:42 Elite Varangian Guard
38:42 Halberdier
38:59 Halberdier
40:28 Conscription
42:55 Hand Cart
43:53 Northmen's Fury
45:08 Plate Mail Armor
45:42 Blast Furnace
45:52 Elite Jomsviking
47:06 Caravan
47:41 Murder Holes
47:43 Bodkin Arrow
48:50 Bracer
51:36 Hamask
53:35 Scale Barding Armor
Bzm_Kuvâ-yi Milliye
9:35 Feudal Age
12:47 Castle Age
11:03 Double-Bit Axe
11:32 Horse Collar
13:47 Bow Saw
18:43 Wheelbarrow
17:54 Town Watch
20:58 Gold Mining
25:26 Imperial Age
23:10 Loom
24:25 Gold Shaft Mining
23:41 Stone Mining
23:55 Heavy Plow
25:04 Hand Cart
26:53 Double Crossbow
27:13 Conscription
28:44 Stone Shaft Mining
29:06 Bloodlines
28:57 Husbandry
30:08 Parthian Tactics
29:14 Elite Ballista Elephant
30:32 Ballistics
30:28 Fletching
30:39 Padded Archer Armor
30:16 Light Cavalry
33:15 Hussar
34:01 Scale Barding Armor
34:06 Forging
35:43 Chemistry
35:26 Masonry
35:55 Hoardings
36:20 Siege Engineers
36:14 Murder Holes
37:00 Chain Barding Armor
38:09 Iron Casting
38:35 Plate Barding Armor
38:36 Coinage
39:21 Masonry
39:22 Fortified Wall
40:45 Blast Furnace
46:18 Architecture
Bzm_Thejose
8:44 Feudal Age
9:44 Double-Bit Axe
10:15 Horse Collar
18:45 Castle Age
17:37 Gold Mining
18:02 Bloodlines
18:01 Scale Barding Armor
18:39 Wheelbarrow
19:40 Bow Saw
20:10 Gold Shaft Mining
21:24 Heavy Plow
25:16 Stone Mining
25:44 Hand Cart
25:15 Loom
25:15 Town Watch
28:08 Imperial Age
25:36 Loom
28:23 Chain Barding Armor
28:14 Forging
29:57 Plate Barding Armor
29:51 Elite Steppe Lancer
32:22 Iron Casting
34:16 Conscription
37:31 Blast Furnace
40:49 Two-Man Saw
40:20 Crop Rotation
40:14 Ballistics
40:54 Chemistry
40:06 Masonry
41:14 Steppe Husbandry
44:18 Fletching
45:51 Bodkin Arrow
48:32 Padded Archer Armor
50:23 Light Cavalry
51:29 Hussar
WarPrince
10:58 Feudal Age
14:33 Castle Age
12:20 Double-Bit Axe
12:16 Horse Collar
15:52 Bow Saw
18:56 Loom
23:49 Wheelbarrow
25:20 Hand Cart
28:22 Imperial Age
25:55 Town Watch
26:15 Scale Mail Armor
27:01 Forging
26:53 Anarchy
27:19 Squires
27:37 Chain Mail Armor
28:27 Iron Casting
27:56 Gold Mining
29:04 Heavy Plow
28:33 Elite Huskarl
30:14 Conscription
31:28 Blast Furnace
30:52 Perfusion
32:13 Padded Archer Armor
33:13 Two-Man Saw
32:44 Crop Rotation
33:27 Leather Archer Armor
33:53 Fletching
35:27 Chemistry
35:06 Ring Archer Armor
34:32 Stone Mining
35:17 Guilds
35:33 Ballistics
35:31 Bodkin Arrow
35:47 Elite Skirmisher
38:29 Bracer
38:12 Treadmill Crane
38:58 Pikeman
39:58 Masonry
42:35 Caravan
41:56 Halberdier
Bzm_Cordobez
6:19 Loom
8:24 Feudal Age
10:19 Fletching
18:19 Horse Collar
18:50 Double-Bit Axe
25:29 Castle Age
35:27 Bow Saw
36:41 Wheelbarrow
37:05 Gold Mining
37:07 Stone Mining
40:55 Imperial Age
38:34 Padded Archer Armor
39:24 Scale Mail Armor
39:34 Forging
38:48 Pikeman
39:28 Squires
39:14 Arson
40:10 Heavy Plow
40:26 Chain Mail Armor
41:35 Iron Casting
40:59 Halberdier
42:26 Plate Mail Armor
43:45 Conscription
45:24 Blast Furnace
46:49 Chemistry
48:19 Two-Man Saw
50:53 Leather Archer Armor
Connection lost

Rejoining the realm…

Still unreachable

The connection could not be restored.

Session expired

The server has moved on; the page needs a fresh start.